 Dungeon Crawl Stone Soup version 0.31-a0-986-g5e6e4ef867 (webtiles) character file.

Game seed: 16287527047297110496

50 Curundu the Trooper (level 3, 0/33 HPs)
             Began as a Draconian Berserker on Nov 9, 2023.
             Was a Follower of Trog.
             Succumbed to an adder's poison
             ... on level 2 of the Dungeon.
             The game lasted 00:11:02 (1616 turns).

Curundu the Trooper (Draconian Berserker)           Turns: 1616, Time: 00:11:03

Health: 0/33       AC:  5    Str: 19    XL:     3   Next: 55%
Magic:  3/3        EV: 12    Int:  7    God:    Trog [*.....]
Gold:   102        SH:  0    Dex: 12    Spells: 2/2 levels left

rFire   . . .        a - +0 falchion
rCold   + + .        (no shield)
rNeg    . . .        (body armour unavailable)
rPois   .            (helmet restricted)
rElec   .            (no cloak)
rCorr   .            (no gloves)
SInv    .            (no boots)
Will    .....        (no amulet)
Stlth   +            c - ring of protection from cold
HPRegen 0.25/turn    f - ring of protection from cold
MPRegen 0.08/turn

%: no passive effects
@: lethally poisoned (0 -> -5)
A: AC +5, unfitting armour, cold-blooded
a: Renounce Religion, Berserk


You were on level 2 of the Dungeon.
You worshipped Trog.
Trog was aware of your devotion.
You visited 1 branch of the dungeon, and saw 2 of its levels.

You collected 102 gold pieces.

Inventory:

Hand Weapons
 a - a +0 falchion (weapon)
Jewellery
 c - a ring of protection from cold (left hand)
 f - a ring of protection from cold (right hand)
Scrolls
 d - 2 scrolls of identify {unknown}
 g - a scroll of vulnerability {unknown}
 i - a scroll of enchant weapon {unknown}
 l - a scroll of amnesia {unknown}
 n - 2 scrolls of fear {unknown}
Potions
 b - a potion of magic {unknown}
 e - a potion of heal wounds {unknown}
 h - a potion of attraction {unknown}
 j - a potion of degeneration {unknown}
 k - a potion of might {unknown}
 m - 2 potions of curing {unknown}


   Skills:
 + Level 3.8 Fighting
 + Level 3.7 Long Blades
 + Level 3.2 Dodging


You had 2 spell levels left.
You didn't know any spells.
Your spell library was empty.

Dungeon Overview and Level Annotations

Branches:
Dungeon (2/15)

Altars:
Ashenzari

Shops:
D:1 ?[([?


Innate Abilities, Weirdness & Mutations

Your plain brown scales are hard. (AC +5)
You cannot fit into any form of body armour.
You are cold-blooded and may be slowed by cold attacks.


Message History

There is an open door here.
The adder attacks as it pursues you! The adder bites you but does no damage.
The adder barely misses you.
You barely miss the adder.
The adder is severely wounded.
The adder barely misses you.
You barely miss the adder.
The adder is severely wounded.
The adder bites you. x2
You miss the adder.
The adder is heavily wounded.
The adder bites you but does no damage.
You miss the adder.
Your tail-slap misses the adder.
The adder is heavily wounded.
The adder barely misses you. The adder bites you.
* * * LOW HITPOINT WARNING * * *
You are poisoned.
The adder poisons you!
You miss the adder.
The adder is heavily wounded.
You feel sick. The adder bites you but does no damage.
You hit the adder but do no damage.
The adder is heavily wounded.
You feel sick. The adder closely misses you.
You hit the adder.
The adder is almost dead.
You feel sick.
You are no longer poisoned.
The adder bites you.
* * * LOW HITPOINT WARNING * * *
You are lethally poisoned!
The adder poisons you! The adder bites you but does no damage.
You hit the adder.
You kill the adder!
Trog accepts your kill.
* * * LOW HITPOINT WARNING * * *
You feel sick.
You hit the worm.
The worm is moderately wounded.
You die...

#.........#..........#.#
#.........#.#........#.#
#............ ...#.#.#
#..........######..#.#)#
#..........+.#.....#...#
#......$...#.#.##.##...#
#..!.....###.# #<..'...'
#######w## #.# #.###...#
#@.###.# #.# ####.
##.....# ..# #.
#.##..##### #. #.###..#
#. #.####'###### #.
#......(....# #.
#...........# #.
#...........## #.
#.........^..# #.


You could see a worm.

Vanquished Creatures
  2 adders (D:2)
  A worm (D:2)
  2 bats (D:1)
  2 endoplasms
  A giant cockroach (D:1)
  6 goblins
  A hobgoblin (D:1)
  2 kobolds (D:1)
  A quokka (D:1)
  A ball python (D:1)
  2 frilled lizards (D:1)
  7 rats
28 creatures vanquished.

Notes
Turn   | Place    | Note
-------+----------+-------------------------------------------
     0 | D:1      | Curundu the Draconian Berserker began the quest for the
                  | Orb.
     0 | D:1      | Reached XP level 1. HP: 19/19 MP: 1/1
    85 | D:1      | Found Ihuf Kys's Antique Armour Shoppe.
   184 | D:1      | Reached XP level 2. HP: 26/26 MP: 2/2
   248 | D:1      | Found Camy's Magic Scroll Boutique.
   300 | D:1      | Found Seffygh's Antique Armour Shop.
   393 | D:1      | Found Afiylej's Magic Scroll Shoppe.
   517 | D:1      | Found Giniothri's Weapon Boutique.
   889 | D:2      | Found a broken altar of Ashenzari.
   960 | D:2      | Reached XP level 3. HP: 33/33 MP: 3/3
  1616 | D:2      | Succumbed to an adder's poison

Illustrated notes

Levels and vault maps discovered:
D:1:      onia_arrival_pyramid, layout_loops_ring, serial_shops,
          nicolae_shop_rolled_up, shop, nicolae_shop_tiny_glass,
          nicolae_shop_trees, nicolae_shop_stone, dreamdust_princess_bridge
D:2:      layout_basic, basic_altar

Skill      XL: |  1  2 |
---------------+-------+-----
Dodging        | 3 |  3.2
Fighting       | |  3.8
Long Blades    | |  3.7

Action                     || total
---------------------------++-------
  Melee: Falchion          ||    85
         Tailslap          ||    12
         Punch             ||     1
 Armour: Skin              ||    53
  Dodge: Dodged            ||    56

Table legend: (Time is in decaauts)
 A = Elapsed time spent in this place.
 B = Non-inter-level travel time spent in this place.
 C = Inter-level travel time spent in this place.
 D = Time resting spent in this place.
 E = Time spent auto-exploring this place.
 F = Levels seen in this place.
 G = Mean time per level.
                   A        B        C        D        E       F      G
               +--------+--------+--------+--------+--------+-----+--------+
         Total |   1629 |   1629 |      0 |      0 |      0 |   2 |  814.5 |
       Dungeon |   1629 |   1629 |      0 |      0 |      0 |   2 |  814.5 |
               +--------+--------+--------+--------+--------+-----+--------+

Top non-repeatable levels by time:
     D:1: 895 daAuts
     D:2: 733 daAuts
